 Dungeon Crawl Stone Soup version 0.30.0 (webtiles) character file.

Game seed: 18131884276301441106

2621 Gridlocked the Ruffian (level 9, 0/77 (83) HPs)
             Began as a Troll Hedge Wizard on May 15, 2023.
             Was an Initiate of Makhleb.
             Slain by a wight
             ... wielding a +3 great sword
              (4 damage)
             ... on level 6 of the Dungeon.
             The game lasted 00:10:32 (6087 turns).

Gridlocked the Ruffian (Troll Hedge Wizard)         Turns: 6087, Time: 00:10:32

HP:   0/77 (83)     AC:  7    Str: 20    XL:     9   Next: 34%
MP:   13/13         EV: 15    Int: 14    God:    Makhleb [......]
Gold: 361           SH:  0    Dex:  9    Spells: 10/14 levels left

rFire   + .          .
                       - Unarmed
rCold   . . .        (no shield)
rNeg    . . .        b - +0 robe
rPois   +            c - +0 hat
rElec   .            l - +2 cloak {rPois}
rCorr   .            (gloves unavailable)
SInv    .            (boots unavailable)
Will    .....        (no amulet)
Stlth   ++           r - ring of protection from fire
HPRegen 1.12/turn    D - +5 ring of evasion
MPRegen 0.13/turn

%: no passive effects
@: about to teleport, drained
A: large, unfitting armour, claws 3, regeneration 1, shaggy fur 1, tough skin 1
a: Renounce Religion


You were on level 6 of the Dungeon.
You worshipped Makhleb.
Makhleb was noncommittal.
You visited 2 branches of the dungeon, and saw 8 of its levels.

You collected 361 gold pieces.

Inventory:

Missiles
 w - 2 throwing nets
Armour
 b - a +0 robe (worn)
 c - a +0 hat (worn)
 l - a +2 cloak of poison resistance (worn)
 u - the scarf "Fuaxe" {shadows, rN+ Int+2}
   (You found it on level 3 of the Dungeon)

   Int:       It affects your intelligence (+2).
   rN:        It protects you from negative energy.
Jewellery
 r - a ring of protection from fire (left claw)
 x - a ring of ice
 z - an amulet of magic regeneration
 D - a +5 ring of evasion (right claw)
Wands
 g - a wand of light (12)
 C - a wand of roots (10)
Scrolls
 e - 3 scrolls of identify {unknown}
 f - 3 scrolls of teleportation
 i - a scroll of blinking {unknown}
 o - 3 scrolls of immolation {unknown}
 p - a scroll of poison {unknown}
 s - a scroll of enchant weapon {unknown}
 y - 2 scrolls of fog
 A - a scroll of amnesia {unknown}
 E - a scroll of brand weapon {unknown}
 F - a scroll of magic mapping {unknown}
Potions
 a - 2 potions of berserk rage {unknown}
 d - 2 potions of magic
 h - a potion of attraction {unknown}
 j - a potion of haste {unknown}
 k - 4 potions of lignification {unknown}
 m - a potion of degeneration {unknown}
 n - 3 potions of might {unknown}
 q - 4 potions of curing {unknown}
 t - a potion of ambrosia {unknown}
 v - a potion of flight {unknown}
 B - a potion of cancellation {unknown}


   Skills:
 + Level 3.4 Fighting
 + Level 4.0 Dodging
 + Level 2.9 Stealth
 * Level 6.1 Unarmed Combat
 + Level 3.3 Spellcasting
 + Level 3.2 Conjurations
 - Level 0.6 Summonings
 - Level 0.6 Translocations
 + Level 2.0 Air Magic
 + Level 2.3 Poison Magic
 + Level 0.6 Invocations


You had 10 spell levels left.
You knew the following spells:

 Your Spells              Type           Power      Damage    Failure   Level
a - Magic Dart            Conj           44%        1d5       5%          1
b - Mephitic Cloud        Conj/Pois/Air  9%         N/A       22%         3

Your spell library contained the following spells:

 Spells                   Type           Power      Damage    Failure   Level
 Cigotuvi's Dreadful Rot  Necr/Pois/Air  12%        N/A       17%         2
 Slow                     Hex            8%         N/A       21%         1
 Blink                    Tloc           8%         N/A       24%         2
 Call Imp                 Summ           8%         N/A       24%         2
 Stone Arrow              Conj/Erth      12%        3d7       32%         3
 Animate Armour           Summ/Erth      6%         N/A       88%         4
 Lehudib's Crystal Spear  Conj/Erth      3%         10d2      100%        8


Dungeon Overview and Level Annotations

Branches:
Dungeon (7/15)             Temple (1/1) D:6

Altars:
Ashenzari
Cheibriados
Dithmenos
Elyvilon
Fedhas
Gozag
Hepliaklqana
Kikubaaqudgha
Makhleb
Nemelex Xobeh
Okawaru
Qazlal
Ru
Sif Muna
Trog
Uskayaw
Vehumet
Wu Jian
Xom
Yredelemnul
Zin


Innate Abilities, Weirdness & Mutations

You are too large for most types of armour.
You have claws for hands.
Your natural rate of healing is unusually fast.
You are covered in fur. (AC +1)
You have tough skin. (AC +1)


Message History

The centaur wields a +0 shortbow.
The centaur shoots an arrow.
The arrow misses you. The wight attacks as you move away!
The wight closely misses you.
The centaur shoots an arrow.
The arrow hits you!
The centaur shoots an arrow.
The arrow hits you.
The gnoll shouts!
The centaur shoots an arrow.
The arrow hits you!
The centaur shoots an arrow.
The arrow completely misses you.
The white imp laughs crazily.
A centaur comes into view. It is wielding a +0 club.
The wight attacks as you move away!
The wight hits you with a +3 great sword!
* * * LOW HITPOINT WARNING * * *
The centaur shoots an arrow.
The arrow barely misses you.
You hear a shout!
The centaur shoots an arrow.
The arrow hits you.
* * * LOW HITPOINT WARNING * * *
The wight attacks as you move away! The wight closely misses you.
The wight attacks as you move away!
The wight hits you with a +3 great sword.
* * * LOW HITPOINT WARNING * * *
There is an escape hatch in the ceiling here.
The wight barely misses you. A mysterious force pulls you upwards.
The hatch slams shut behind you.
You scratch the wight.
The wight is lightly damaged.
The wight misses you.
You closely miss the wight.
The wight is lightly damaged.
The wight misses you.
You scratch the wight.
The wight is moderately damaged.
The wight hits you with a +3 great sword!
* * * LOW HITPOINT WARNING * * *
You feel drained.
* * * LOW HITPOINT WARNING * * *
As you read the scroll labelled WUOHYPREJOQ, it crumbles to dust.
You feel strangely unstable.
It was a scroll of teleportation.
The wight hits you with a +3 great sword.
You die...

.##################.##........#
.# #.............##.#....#####
.# #.##############.##........
.# #.# ####.....#...#.##. .#
#.########.......<#.....##. .#
#.......##.##.#.........##. .##
#####.#.##.##.#.####...###. ..#
#.#...z...#............ ###
#.#.##@..[[.#####.#####
###########.#####.# #.))....#
#########


You could see a wight.

Vanquished Creatures
  2 water moccasins
  An orc warrior (D:6)
  2 ice beasts (D:6)
  6 black bears
  3 ogres
  2 phantoms (D:5)
  A bullfrog (D:6)
  5 scorpions
  A howler monkey (D:4)
  2 gnoll boudas
  A jelly (D:6)
  5 hounds
  Crazy Yiuf (D:6)
  An orc priest (D:6)
  A sleepcap (D:6)
  4 orc wizards
  2 iguanas
  8 gnolls
  5 adders
  2 shadow imps
  3 white imps
  2 worms
  3 dart slugs
  29 orcs
  6 bats
  10 endoplasms
  6 giant cockroaches
  6 goblins
  9 hobgoblins
  6 jackals
  2 quokkas
  10 ball pythons
  5 frilled lizards
  3 kobolds
  5 rats
160 creatures vanquished.

Notes
Turn   | Place    | Note
-------+----------+-------------------------------------------
     0 | D:1      | Gridlocked the Troll Hedge Wizard began the quest for the
                  | Orb.
     0 | D:1      | Reached XP level 1. HP: 16/16 MP: 2/2
   301 | D:1      | Reached XP level 2. HP: 23/24 MP: 4/4
   318 | D:1      | Reached skill level 1 in Unarmed Combat
   626 | D:1      | Reached XP level 3. HP: 32/32 MP: 5/5
  1039 | D:2      | Reached skill level 1 in Conjurations
  1341 | D:3      | Learned a level 3 spell: Mephitic Cloud
  1468 | D:3      | Noticed a black bear
  1480 | D:3      | Killed a black bear
  1481 | D:3      | Reached skill level 1 in Fighting
  1481 | D:3      | Reached skill level 2 in Unarmed Combat
  1481 | D:3      | Reached XP level 4. HP: 41/41 MP: 6/6
  1481 | D:3      | Reached XP level 5. HP: 48/48 MP: 7/7
  1798 | D:3      | Identified the scarf "Fuaxe" {shadows, rN+ Int+2}
  2596 | D:4      | Reached skill level 3 in Unarmed Combat
  2596 | D:4      | Reached XP level 6. HP: 45/55 MP: 8/8
  3067 | D:4      | Reached XP level 7. HP: 53/65 MP: 9/9
  3341 | D:5      | Entered Level 5 of the Dungeon
  3402 | D:4      | Reached skill level 4 in Unarmed Combat
  3534 | D:5      | Reached skill level 1 in Poison Magic
  3549 | D:5      | Found a shimmering blue altar of Sif Muna.
  3555 | D:5      | Reached XP level 8. HP: 50/74 MP: 11/11
  3660 | D:5      | Reached skill level 1 in Air Magic
  3899 | D:5      | Reached skill level 5 in Unarmed Combat
  4064 | D:6      | Found a runed translucent door.
  4065 | D:6      | Noticed Crazy Yiuf
  4526 | D:6      | Reached XP level 9. HP: 46/83 MP: 12/12
  4621 | D:6      | Found a staircase to the Ecumenical Temple.
  4746 | D:6      | Identified the +1 leather armour of Fogorchu {rF- Str+5
                  | Dex+5}
  5082 | Temple   | Entered the Ecumenical Temple
  5487 | Temple   | Became a worshipper of Makhleb the Destroyer
  5638 | D:6      | Killed Crazy Yiuf
  5740 | D:6      | Reached skill level 6 in Unarmed Combat
  6086 | D:6      | HP: 3/77 [wight/+3 great sword (1)]
  6087 | D:6      | Slain by a wight

Illustrated notes

Levels and vault maps discovered:
D:1:      dpeg_arrival_simpleton_b, layout_basic
D:2:      layout_rooms, kennysheep_nondescript
D:3:      layout_basic
D:4:      layout_basic, grunt_decor_mini_mirrors
D:5:      layout_cave_pools, grunt_decor_cap, minmay_ruined_shrine
D:6:      cheibrodos_helix_gallery, layout_basic,
          minmay_temple_entry_statues_pillars, uniq_crazy_yiuf_cottage
D:7:      layout_cave_pools
Temple:   roderic_octagonal_lattice_temple

Skill      XL: |  1  2  3  4  5  6  7  8  9 |
---------------+----------------------------+-----
Unarmed Combat | 1 2 3 4 5 6 |  6.1
Dodging        | 2 3 4 |  4.0
Conjurations   | 1 2 3 |  3.2
Fighting       | 1 2 3 |  3.4
Stealth        | 2 |  2.9
Poison Magic   | 1 2 |  2.3
Air Magic      | 1 2 |  2.0
Spellcasting   | 3 |  3.3
Summonings     | |  0.6
Translocations | |  0.6
Invocations    | |  0.6

Action                     |  1- 3 |  4- 6 |  7- 9 || total
---------------------------+-------+-------+-------++-------
  Melee: Unarmed           |   157 |   178 |   299 ||   634
         Punch             |     1 |     3 |    15 ||    19
    Use: Scroll            |     1 |       |     1 ||     2
   Stab: Sleeping          |     2 |     4 |     1 ||     7
 Armour: Robe              |    75 |    78 |   145 ||   298
  Dodge: Dodged            |    88 |    72 |   248 ||   408
